Map: Rhoskallian LE

Players

flex - Winner!

  • Race: Zerg Zerg
  • League: Platinum
  • Spawn Location: 12:00

BulOx - Winner!

  • Race: Terran Terran
  • League: Platinum
  • Spawn Location: 11:00

Massa

  • Race: Terran Terran
  • League: Gold
  • Spawn Location: 6:00

qqq

  • Race: Protoss Protoss
  • Spawn Location: 5:00

VOD

Have the link to the VOD?

Description

Time

  • Played on: June 29, 2020, 3:02 p.m.
  • Length: 15:24
Show
View Real Time Build Order
Export as new Build Order

flex Zerg - Winner!

Build Orders: Pool First 

Get SALT Encoding   

  12  0:09  Drone x2  
  14  0:22  Overlord  
  14  0:40  Drone x2  
  14  0:41  Drone  
  17  0:53  Drone  
  18  1:03  Spawning Pool  
  17  1:20  Hatchery  
  17  1:22  Drone x2  
  18  1:40  Drone  
  18  1:41  Drone  
  18  1:43  Extractor  
  19  2:01  Hatchery  
  18  2:06  Drone  
  18  2:07  Drone  
  20  2:21  Queen  
  22  2:30  Overlord  
  22  2:35  Zergling x2  
  23  2:39  Queen  
  25  2:44  Drone  
  26  2:59  Extractor  
  26  3:01  Spine Crawler  
  26  3:05  Zergling x2  
  24  3:06  Zergling x2  
  24  3:11  Drone x2  
  24  3:12  Drone  
  28  3:21  Drone  
  29  3:32  Zergling x2  
  29  3:35  Spine Crawler  
  28  3:43  Zergling x2  
  29  4:01  Drone x2  
  29  4:02  Drone x4  
  33  4:08  Overlord  
  33  4:36  Lair  
  33  4:38  Spore Crawler  
  32  4:42  Spore Crawler  
  31  4:57  Drone x5  
  36  5:00  Spore Crawler  
  36  5:01  Extractor, Queen  
  36  5:02  Extractor  
  36  5:05  Overlord  
  35  5:18  Overlord  
  35  5:21  Metabolic Boost  
  35  5:24  Drone  
  35  5:25  Drone x4  
  40  5:37  Pneumatized Carapace  
  40  6:07  Spire  
  40  6:08  Queen  
  38  6:14  Drone x4  
  38  6:15  Drone x6  
  48  6:19  Queen  
  48  6:23  Spore Crawler  
  48  6:24  Spore Crawler  
  48  6:33  Overlord  
  48  6:40  Drone x4  
  48  6:46  Overlord  
  52  6:55  Queen  
  52  6:56  Drone x3  
  52  6:58  Overlord  
  58  7:08  Drone x3  
  58  7:15  Overlord x2  
  60  7:16  Overlord x2  
  60  7:19  Zerg Flyer Weapons Level 1  
  60  7:33  Hatchery  
  59  7:47  Mutalisk x6  
  59  7:48  Mutalisk x2  
  75  7:59  Spore Crawler x2  
  75  8:01  Spore Crawler  
  72  8:09  Spore Crawler  
  71  8:14  Mutalisk x4  
  77  8:50  Mutalisk x4  
  77  8:51  Mutalisk x2  
  89  9:12  Drone x5  
  89  9:13  Drone x4  
  98  9:23  Overlord x6  
  98  9:24  Overlord x3  
  98  9:26  Overseer x2  
  98  9:48  Mutalisk x3  
  98  9:49  Mutalisk x3  
  110  10:05  Mutalisk  
  106  10:07  Overlord x4  
  106  10:08  Overlord x2  
  102  10:29  Zergling x2  
  102  10:30  Zergling x22  
  102  10:34  Baneling Nest  
  111  10:55  Zergling x4  
  110  10:58  Zergling x16  
  118  11:10  Zergling x6  
  118  11:11  Zergling x2  
  98  11:38  Zergling x2  
  98  11:39  Zergling x16  
  98  11:40  Zergling x2  
  98  11:46  Zerg Flyer Weapons Level 2  
  90  11:49  Centrifical Hooks  
  90  11:56  Evolution Chamber  
  90  11:57  Evolution Chamber  
  90  11:59  Infestation Pit  
  87  12:09  Extractor  
  87  12:11  Extractor  
  87  12:13  Baneling x15  
  87  12:14  Baneling x5  
  87  12:15  Mutalisk x2  
  85  12:16  Mutalisk, Spore Crawler x2  
  85  12:20  Spore Crawler  
  85  12:21  Spore Crawler  
  85  12:28  Zergling x2  
  85  12:29  Zergling x18  
  93  12:30  Zergling x6  
  94  12:44  Drone x4, Burrow  
  94  12:45  Drone x3  
  94  12:49  Hatchery  
  100  12:55  Zerg Melee Weapons Level 1  
  100  12:59  Hive  
  70  13:27  Zergling x2  
  70  13:28  Zergling x24  
  83  13:37  Drone  
  83  13:38  Drone  
  85  14:03  Drone x7  
  85  14:04  Drone x3  
  85  14:05  Queen  
  75  14:50  Mutalisk x15  
  75  14:51  Mutalisk  
  107  14:56  Overseer  
  107  14:57  Overseer x2  
  107  15:08  Extractor  
  107  15:09  Extractor  
  105  15:19  Hatchery  
Show
View Real Time Build Order
Export as new Build Order

BulOx Terran - Winner!

Build Orders: Mech 

Get SALT Encoding   

  12  0:01  SCV  
  13  0:13  SCV  
  14  0:24  Supply Depot  
  14  0:25  SCV  
  15  0:38  Refinery  
  15  0:46  SCV  
  15  0:48  Barracks  
  16  0:58  SCV  
  17  1:10  SCV  
  18  1:22  SCV  
  18  1:39  Supply Depot  
  18  1:52  Marine  
  19  1:56  Factory  
  19  2:03  Orbital Command  
  19  2:07  Refinery  
  19  2:10  Supply Depot  
  19  2:17  Barracks Reactor  
  19  2:34  SCV  
  20  2:44  Hellion  
  22  2:46  SCV  
  23  2:58  SCV  
  24  3:10  SCV  
  25  3:22  Command Center  
  25  3:34  SCV  
  25  3:39  Factory  
  26  3:44  Starport  
  26  3:52  Hellion  
  26  3:54  Hellion  
  30  4:11  Factory  
  30  4:15  Factory  
  31  4:17  SCV  
  31  4:27  Starport Reactor  
  31  4:29  Factory Tech Lab  
  31  4:35  Supply Depot  
  31  4:38  Supply Depot  
  31  4:41  SCV  
  32  4:50  Orbital Command  
  32  5:01  Factory Tech Lab x2  
  32  5:05  Siege Tank  
  35  5:21  Liberator x2  
  35  5:27  Supply Depot  
  41  5:30  SCV  
  41  5:31  SCV  
  43  5:39  Supply Depot  
  43  5:42  SCV  
  44  5:47  SCV  
  45  5:54  SCV  
  46  5:59  SCV  
  46  6:00  Armory  
  47  6:05  Armory  
  47  6:20  SCV x2  
  49  6:25  Refinery  
  49  6:28  Refinery  
  49  6:32  SCV x2  
  51  6:44  SCV  
  51  6:45  SCV  
  53  6:56  SCV  
  53  6:57  SCV  
  52  7:09  SCV x2  
  52  7:13  Thor x2  
  66  7:21  SCV x2  
  68  7:35  SCV x2  
  70  7:42  Thor  
  73  7:46  Hellbat  
  73  7:47  SCV, Hellbat  
  73  7:50  SCV  
  79  7:57  Command Center  
  79  8:00  SCV  
  79  8:02  SCV  
  81  8:08  Hellbat x2  
  85  9:03  Supply Depot  
  85  9:07  Supply Depot  
  85  9:08  Supply Depot x2  
  85  9:09  Thor x2, Hellbat x2  
  101  9:24  Thor  
  101  9:28  Factory  
  101  9:29  Factory x2  
  101  9:31  Hellbat x2  
  111  9:37  Starport  
  109  9:52  Thor  
  77  10:21  Siege Tank x2  
  77  10:24  Hellbat x2  
  87  10:39  Factory Tech Lab x2  
  87  10:40  Factory Tech Lab  
  87  10:41  Siege Tank  
  90  10:46  Hellbat x2  
  94  10:53  Siege Tank  
  94  10:54  Siege Tank  
  100  11:07  Hellbat x2  
  104  11:13  Siege Tank  
  104  11:35  Siege Tank x3  
  104  11:36  Siege Tank  
  116  11:47  Thor  
  116  11:50  Hellbat x2  
  126  11:56  Supply Depot  
  126  11:57  Supply Depot  
  126  11:58  Supply Depot x2  
  126  12:02  Supply Depot  
  126  12:19  Hellbat x2  
  130  12:31  Command Center  
  130  12:40  Hellbat x2  
  134  13:02  Hellbat x2  
  97  14:25  Thor x3, Siege Tank x3  
Show
View Real Time Build Order
Export as new Build Order

Massa Terran 

Build Orders: Gas First Reaper Expand 

Get SALT Encoding   

  12  0:12  SCV  
  13  0:20  Supply Depot  
  13  0:25  SCV  
  14  0:30  Refinery  
  14  0:43  Barracks  
  14  0:47  SCV  
  15  0:59  SCV  
  16  1:11  SCV  
  17  1:23  SCV  
  18  1:31  Reaper  
  19  1:37  Supply Depot  
  19  1:44  SCV  
  20  2:03  Reaper  
  20  2:06  SCV  
  20  2:07  Command Center  
  21  2:19  SCV  
  22  2:31  SCV  
  23  2:39  Marine  
  23  2:57  Marine  
  24  2:58  Barracks  
  24  3:00  Barracks  
  24  3:01  Barracks  
  24  3:14  SCV  
  25  3:26  SCV  
  26  3:31  Marine  
  27  3:38  SCV  
  28  3:48  Marine  
  29  4:01  Marine x3  
  32  4:06  Marine  
  32  4:08  SCV  
  35  4:11  Orbital Command  
  34  4:19  Marine x2  
  34  4:20  Barracks Tech Lab, SCV  
  37  4:24  Marine  
  37  4:26  Supply Depot  
  38  4:37  Marine  
  40  4:47  Barracks Tech Lab  
  40  4:48  Marauder  
  40  4:49  Supply Depot  
  40  4:52  Orbital Command  
  41  4:53  SCV  
  42  5:00  Refinery  
  42  5:05  SCV  
  43  5:08  Factory  
  43  5:10  Marauder x2  
  43  5:13  Marine  
  48  5:16  Marine  
  48  5:17  SCV  
  50  5:26  Engineering Bay  
  50  5:29  SCV  
  50  5:31  Marauder x2  
  50  5:35  Barracks Reactor, Supply Depot  
  55  5:37  Marine  
  55  5:41  SCV  
  56  5:52  Marauder x2  
  56  5:55  Marine  
  59  5:59  Terran Infantry Weapons Level 1  
  59  6:03  Starport  
  59  6:11  Stimpack  
  59  6:13  Factory Tech Lab, Marine  
  59  6:14  Marauder x2  
  59  6:17  Refinery  
  64  6:22  SCV  
  64  6:23  SCV  
  66  6:30  Combat Shield  
  66  6:35  SCV x2, Marauder  
  70  6:50  Supply Depot  
  70  6:51  Supply Depot x2  
  70  7:02  SCV  
  70  7:03  Marine  
  70  7:04  Marine  
  70  7:05  SCV  
  70  7:13  Marine  
  70  7:14  SCV  
  72  7:17  SCV  
  72  7:19  Medivac  
  75  7:30  Missile Turret  
  75  7:36  Marauder  
  75  7:37  Marauder  
  79  7:40  Marine x2  
  81  7:49  Medivac  
  83  7:51  Concussive Shells, Missile Turret  
  83  7:54  Siege Tank  
  83  7:58  Marauder x2  
  90  8:12  Missile Turret  
  90  8:19  Starport Tech Lab  
  90  8:26  Siege Tank  
  93  8:30  Command Center  
  93  8:32  Missile Turret  
  93  8:36  Missile Turret  
  93  8:37  Missile Turret  
  93  8:38  Missile Turret  
  93  8:40  Missile Turret x2  
  93  8:44  Missile Turret  
  93  8:53  Missile Turret, Supply Depot  
  93  9:05  Missile Turret  
  93  9:14  Raven, Missile Turret  
  95  9:17  Supply Depot  
  95  9:27  Siege Tank  
  95  9:29  Missile Turret  
  95  9:31  Marauder  
  100  9:32  Marine x2  
  100  9:38  SCV x2, Marine x2, Missile Turret  
  102  9:41  Supply Depot  
  106  9:50  Marine x2  
  106  9:51  SCV x2  
  106  9:52  Marine  
  111  9:56  Marine x2  
  113  10:03  SCV x2  
  113  10:05  Supply Depot  
  115  10:08  Marine x2  
  108  10:15  SCV x2  
  96  10:27  SCV x2  
  98  10:33  Marauder x2  
  98  10:34  Marine x3  
  105  10:38  SCV  
  105  10:39  SCV x2  
  108  10:51  Marine  
  108  10:52  Marine x2  
  108  10:54  Marauder x2  
  115  11:00  Missile Turret  
  115  11:01  Missile Turret  
  115  11:02  Missile Turret x2  
  115  11:04  Missile Turret  
  115  11:09  Marine  
  115  11:10  Marine x2  
  118  11:16  Marauder x2  
  122  11:20  Missile Turret  
  121  11:27  Marine  
  121  11:28  Marine x2  
  103  11:37  Marauder x2  
  98  11:41  Planetary Fortress  
  98  11:45  Marine x3  
  101  11:51  Refinery  
  101  11:58  Marauder  
  101  11:59  Marauder  
  101  12:00  Medivac  
  107  12:03  Marine x3  
  110  12:10  Widow Mine  
  110  12:15  Refinery  
  112  12:17  Barracks  
  112  12:20  Marauder x2  
  112  12:21  Barracks, Marine x3  
  119  12:31  Widow Mine  
  119  12:36  Medivac  
  123  12:38  Marine  
  123  12:39  Marine x2  
  123  12:41  Marauder x2  
  130  12:53  Widow Mine  
  130  12:56  Marine  
  130  12:57  Marine  
  134  13:02  Marauder  
  134  13:03  Marauder  
  105  13:17  Marine  
  105  13:18  Marine x2  
  71  13:24  Marauder x2  
  71  13:26  Siege Tank  
  69  13:35  Marine  
  69  13:36  Marine x2  
  70  13:45  Marauder x2  
  71  13:53  Marine x2  
  71  13:54  Marine  
  65  13:58  Siege Tank  
  65  14:01  Barracks  
  68  14:04  Barracks  
  68  14:07  Marauder x2  
  68  14:09  Refinery  
  72  14:10  Factory  
  72  14:11  Marine x3  
  73  14:28  Marauder x2  
  73  14:29  Marine x3  
  73  14:30  Siege Tank  
  49  14:46  Marine  
  49  14:47  Marine  
  49  14:49  Marauder  
  49  14:50  Marauder  
  47  15:04  Marine x2  
  47  15:05  Marine  
  53  15:18  Barracks  
Show
View Real Time Build Order
Export as new Build Order

qqq Protoss 

Build Orders:  

Get SALT Encoding   

  12  0:05  Probe  
  13  0:25  Probe  
  13  0:26  Pylon  
  14  0:32  Pylon  
  14  0:45  Gateway  
  14  0:56  Forge  
  14  0:59  Probe  
  15  1:11  Probe  
  16  1:17  Pylon  
  16  1:23  Probe  
  17  1:35  Probe  
  18  1:42  Cybernetics Core  
  18  1:44  Assimilator  
  18  1:54  Probe  
  19  2:06  Probe  
  20  2:18  Probe  
  20  2:33  Photon Cannon  
  20  2:38  Photon Cannon  
  20  2:44  Pylon  
  20  2:47  Stalker  
  22  3:07  Probe, Assimilator  
  23  3:17  Stalker  
  23  3:19  Probe  
  26  3:31  Probe  
  27  3:39  Nexus  
  27  3:42  Pylon  
  27  3:43  Pylon  
  27  3:50  Stargate  
  27  4:15  Stargate  
  27  4:18  Photon Cannon  
  27  4:23  Photon Cannon  
  27  5:01  Void Ray  
  27  5:02  Void Ray  
  27  5:03  Probe  
  36  5:11  Probe  
  36  5:19  Probe  
  38  5:30  Probe  
  39  5:42  Assimilator  
  39  5:43  Probe  
  39  5:46  Assimilator  
  40  5:50  Protoss Air Weapons Level 1  
  40  5:55  Probe  
  41  6:07  Probe  
  41  6:11  Void Ray, Robotics Facility  
  46  6:18  Probe  
  46  6:23  Photon Cannon  
  47  6:26  Probe  
  47  6:27  Photon Cannon  
  47  6:29  Shield Battery  
  48  6:34  Probe  
  49  6:42  Void Ray  
  49  6:45  Probe  
  54  6:57  Probe  
  54  7:09  Probe  
  55  7:21  Probe  
  56  7:27  Phoenix x2  
  60  7:34  Probe, Fleet Beacon  
  60  7:46  Probe  
  61  7:52  Nexus  
  61  7:55  Pylon  
  61  7:58  Probe  
  62  8:03  Observer  
  63  8:10  Probe  
  64  8:16  Protoss Air Armor Level 1  
  64  8:22  Probe  
  63  8:33  Phoenix x2  
  57  8:49  Phoenix x2  
  53  9:03  Anion Pulse-Crystals  
  53  9:05  Probe  
  54  9:11  Probe  
  54  9:13  Phoenix x2  
  59  9:17  Probe  
  59  9:22  Photon Cannon  
  59  9:23  Probe  
  61  9:24  Pylon  
  61  9:26  Photon Cannon  
  61  9:29  Probe  
  62  9:35  Probe  
  55  9:47  Probe  
  54  9:53  Phoenix x2  
  54  9:59  Probe  
  59  10:10  Pylon  
  59  10:11  Probe  
  49  10:17  Pylon  
  49  10:18  Phoenix x2  
  48  10:26  Pylon  
  46  10:38  Stargate  
  44  10:43  Phoenix x2  
  30  11:08  Phoenix x2  
  34  11:19  Nexus  
  34  11:49  Tempest  
  39  12:32  Carrier  
  45  12:37  Probe  
  42  12:49  Probe  
  43  13:01  Probe  
  44  13:14  Probe  
  45  13:21  Tempest  
  45  13:26  Probe  
  50  13:28  Pylon  
  50  13:31  Pylon  
  50  13:38  Probe  
  49  13:51  Tempest  
  54  14:22  Tempest  
Tags
 
Add a new tag
Caveats
  • Supply blocks, unpowered buildings, or Contaminate may cause inaccurate times.
  • Supply counts are checked every 10 seconds.